 Dungeon Crawl Stone Soup version 0.29-a0-11-ga75d3d97ab (webtiles) character file.

Game seed: 4839921438714603536

111 testman the Chucker (level 4, -2/49 HPs)
             Began as an Ogre Hunter on Jan 28, 2022.
             Slain by an iguana (4 damage)
             ... on level 4 of the Dungeon.
             The game lasted 00:07:36 (3914 turns).

testman the Chucker (Ogre Hunter)                   Turns: 3914, Time: 00:07:36

Health: -2/49      AC:  4    Str: 18    XL:     4   Next: 92%
Magic:  13/13      EV:  9    Int: 12    God:
Gold:   116        SH:  0    Dex:  9    Spells: 3/3 levels left

rFire   . . .      SeeInvis .   p - +0 flail
rCold   . . .      Faith    .   (no shield)
rNeg    . . .      Spirit   .   b - +0 robe
rPois   .          Reflect  .   (helmet restricted)
rElec   .          Harm     .   q - +0 cloak
rCorr   .          Rampage  .   (gloves unavailable)
Will    .....                   (boots unavailable)
Stlth   +.........              (no amulet)
HPRegen 0.16/turn               g - ring of magical power
MPRegen 0.13/turn               (no ring)

@: no status effects
A: large, unfitting armour, tough skin 1
a: no special abilities


You were on level 4 of the Dungeon.
You visited 1 branch of the dungeon, and saw 4 of its levels.

You collected 116 gold pieces.

Inventory:

Hand Weapons
 p - a +0 flail (weapon)
Missiles
 c - 5 large rocks (quivered)
 d - 3 throwing nets
 f - 100 stones
 h - 2 javelins
 o - a boomerang
 r - 3 poisoned darts
Armour
 b - a +0 robe (worn)
 q - a +0 cloak (worn)
Jewellery
 g - a ring of magical power (left hand)
Scrolls
 a - a scroll of blinking {unknown}
 e - a scroll of identify {unknown}
 l - 4 scrolls of teleportation {unknown}
 n - a scroll of enchant weapon {unknown}
Potions
 i - a potion of flight {unknown}
 j - a potion of invisibility {unknown}
 k - a potion of might {unknown}
 m - a potion of curing {unknown}


   Skills:
 + Level 4.6 Fighting
 + Level 2.1 Maces & Flails
 - Level 4.6 Throwing
 - Level 1.7 Dodging
 - Level 0.6 Stealth


You had 3 spell levels left.
You didn't know any spells.
Your spell library contained the following spells:

 Spells                   Type           Power      Damage    Failure   Level
 Gell's Gravitas          Tloc           0%         N/A       69%         3
 Lesser Beckoning         Tloc           0%         N/A       69%         3
 Teleport Other           Tloc           0%         N/A       69%         3


Dungeon Overview and Level Annotations

Branches:
Dungeon (4/15)
 Temple: D:4-7

Altars:
The Shining One


Innate Abilities, Weirdness & Mutations

You are too large for most types of armour.
You have tough skin. (AC +1)


Message History

The quokka bites you but does no damage.
The quokka closely misses you.
You thump the quokka!
You kill the quokka!
No target in view!
No target in view!
An iguana comes into view.
The iguana hisses angrily.
The iguana barely misses you.
You barely miss the iguana. The iguana closely misses you.
You sock the iguana!
The iguana is severely wounded.
The iguana bites you. The iguana barely misses you.
You hit the iguana but do no damage.
The iguana is severely wounded.
The iguana barely misses you.
You barely miss the iguana.
The iguana is severely wounded.
The iguana bites you.
You closely miss the iguana.
The iguana is severely wounded.
The iguana bites you. The iguana bites you!
You are too injured to fight recklessly!
You are too injured to fight recklessly!
You are too injured to fight recklessly!
You are too injured to fight recklessly!
You barely miss the iguana.
The iguana is severely wounded.
The iguana bites you.
* * * LOW HITPOINT WARNING * * *
You hit the iguana but do no damage.
The iguana is severely wounded.
The iguana bites you!
* * * LOW HITPOINT WARNING * * *
You barely miss the iguana.
The iguana is severely wounded.
The iguana bites you.
* * * LOW HITPOINT WARNING * * *
The iguana bites you.
You die...

#.# #.# ... #.# #.#
..#.#####.########
#.#
#...............#
#.# ###..
#.(######.# #.#
###. ..#
#.......#.####.#
....
#.##.#####........#
..#
#l..#####...######
#.##@..........#
#...#.#####..##
#.##..##.# #..#
#...###.# #..#
#..## #.# #..# #.#
#.# #..# #. ...
.... .. #.# ##


You could see an iguana.

Vanquished Creatures
  A hound (D:3)
  A scorpion zombie (D:3)
  An adder (D:3)
  4 orcs (D:3)
  7 endoplasms
  A giant cockroach (D:3)
  3 goblins
  5 hobgoblins
  7 kobolds
  A quokka (D:4)
  3 ball pythons
  5 bats
  3 frilled lizards
  3 rats
45 creatures vanquished.

Notes
Turn   | Place    | Note
-------+----------+-------------------------------------------
     0 | D:1      | testman the Ogre Hunter began the quest for the Orb.
     0 | D:1      | Reached XP level 1. HP: 22/22 MP: 1/1
   417 | D:1      | Reached XP level 2. HP: 30/31 MP: 2/2
  1267 | D:2      | Noticed a shining eye
  1271 | D:2      | Noticed a floating eye
  1273 | D:2      | Found a faded altar of an unknown god.
  1274 | D:2      | Noticed a great orb of eyes
  1274 | D:2      | Noticed a shining eye
  2151 | D:3      | Reached XP level 3. HP: 22/37 MP: 3/3
  2369 | D:3      | Reached skill level 1 in Maces & Flails
  2886 | D:3      | Reached XP level 4. HP: 32/48 MP: 4/4
  3272 | D:3      | Found a glowing golden altar of the Shining One.
  3914 | D:4      | HP: 2/49 [iguana (3)]
  3914 | D:4      | Slain by an iguana

Illustrated notes

Levels and vault maps discovered:
D:1:      dpeg_arrival_castle, layout_basic, serial_aquarium,
          aquarium_bridge_square [aquarium_subvault_bridge,
          aquarium_subvault_wall, aquarium_subvault_bridge,
          aquarium_subvault_bridge], aquarium_bridge_square
          [aquarium_subvault_window, aquarium_subvault_window,
          aquarium_subvault_window, aquarium_subvault_bridge],
          aquarium_window_1, aquarium_window_fake, aquarium_window_fake,
          aquarium_view_2b, aquarium_view_2e, aquarium_balcony_1b,
          aquarium_pool_2, interstate_on_off
D:2:      layout_basic, hellmonk_ecumenical_altar_watching_god, serial_glass,
          glass_columns_b, glass_columns_a, kennysheep_pointless_box,
          minmay_misc_feat_room
D:3:      layout_loops_ring, tso_oasis_becter, st_stairs_12
D:4:      layout_loops_ring, corexii_item_surrounded_by_moat, minmay_vboxes,
          uniq_edmund, uniq_menkaure, uniq_ijyb

Skill      XL: |  1  2  3  4 |
---------------+-------------+-----
Fighting       | 3 4 |  4.6
Maces & Flails | 1 2 |  2.1
Throwing       | |  4.6
Dodging        | |  1.7
Stealth        | |  0.6

Action                   |  1- 3 |  4- 6 || total
-------------------------+-------+-------++-------
Melee: Short sword       |    22 |       ||    22
       Whip              |    72 |       ||    72
       Mace              |    39 |    17 ||    56
       Flail             |       |    48 ||    48
Throw: Large rock        |     6 |     2 ||     8
 Stab: Sleeping          |     1 |       ||     1
Armor: Robe              |    57 |    24 ||    81
Dodge: Dodged            |    58 |    33 ||    91

Table legend: (Time is in decaauts)
 A = Elapsed time spent in this place.
 B = Non-inter-level travel time spent in this place.
 C = Inter-level travel time spent in this place.
 D = Time resting spent in this place.
 E = Time spent auto-exploring this place.
 F = Levels seen in this place.
 G = Mean time per level.
                   A        B        C        D        E       F      G
               +--------+--------+--------+--------+--------+-----+--------+
         Total |   3965 |   3833 |    132 |    531 |   2799 |   4 |  991.2 |
       Dungeon |   3965 |   3833 |    132 |    531 |   2799 |   4 |  991.2 |
               +--------+--------+--------+--------+--------+-----+--------+

Top non-repeatable levels by time:
     D:3: 1755 daAuts
     D:1: 1196 daAuts
     D:2: 926 daAuts
     D:4: 87 daAuts
